 Dungeon Crawl Stone Soup version 0.21-a0-154-gb5400c9 (webtiles) character file.

114 KarmaPolice the Sneak (level 4, -3/24 HPs)
             Began as a Vine Stalker Assassin on Aug 2, 2017.
             Slain by a scorpion (4 damage)
             ... on level 3 of the Dungeon.
             The game lasted 00:03:17 (1850 turns).

KarmaPolice the Sneak (Vine Stalker Assassin)       Turns: 1850, Time: 00:03:18

Health: -3/24      AC:  5    Str: 15    XL:     4   Next: 98%
Magic:  0/5        EV: 11    Int: 16    God:
Gold:   127        SH:  0    Dex: 15    Spells: 3/3 levels left

rFire    . . .     SeeInvis .   a - +2 dagger
rCold    . . .     Gourm    .   (no shield)
rNeg     . . .     Faith    .   c - +0 robe
rPois    .         Spirit   +   h - +2 hat
rElec    .         Reflect  .   d - +0 cloak
rCorr    .         Harm     .   (no gloves)
MR       .....                  (no boots)
Stlth    +++.......             (no amulet)
HPRegen  0.48/turn              (no ring)
MPRegen  0.09/turn              (no ring)

@: brilliant, lethally poisoned (-3 -> -16), hasted, very quick
A: fangs 2, regeneration 1, magic shield, antimagic bite, no potion heal 3, rot
immunity
a: no special abilities


You were on level 3 of the Dungeon.
You were not hungry.

You visited 1 branch of the dungeon, and saw 4 of its levels.

You collected 127 gold pieces.

Inventory:

Hand Weapons
 a - a +2 dagger (weapon)
 b - a +0 blowgun
Missiles
 e - 22 poisoned needles
 f - 10 curare-tipped needles
Armour
 c - a +0 robe (worn)
 d - a +0 cloak (worn)
 h - a +2 hat (worn)
Jewellery
 p - an uncursed amulet of harm {unknown}
Scrolls
 i - 3 scrolls of remove curse {unknown}
 j - a scroll of enchant armour {unknown}
 k - 2 scrolls of fear {unknown}
 m - a scroll of immolation {unknown}
 q - 5 scrolls of identify {unknown}
 r - a scroll of amnesia {unknown}
 s - a scroll of noise {unknown}
 u - a scroll of recharging {unknown}
Comestibles
 g - 2 bread rations
 n - a meat ration


   Skills:
 + Level 3.3 Fighting
 + Level 3.4 Short Blades
 - Level 1.7 Throwing
 - Level 0.7 Dodging
 - Level 4.8 Stealth


You had 3 spell levels left.
You didn't know any spells.

Dungeon Overview and Level Annotations

Branches:
Dungeon (4/15)
 Temple: D:4-7

Altars:
Elyvilon
Gozag
Makhleb
Sif Muna
Trog

Annotations:
D:3 KarmaPolice's ghost, amateur VSAs


Innate Abilities, Weirdness & Mutations

You have extremely sharp teeth.
Your natural rate of healing is unusually fast.
When hurt, damage is shared between your health and your magic reserves.
Your bite disrupts and absorbs the magic of your enemies.
Potions cannot restore your health.
You are immune to rotting.


Message History

An orc priest comes into view. It is wielding a hand axe.
Unknown command.
It was a potion of brilliance.
You feel clever all of a sudden.
* * * LOW HITPOINT WARNING * * *
You feel sick. The scorpion stings you.
* * * LOW HITPOINT WARNING * * *
It was a potion of haste.
You feel yourself speed up.
* * * LOW HITPOINT WARNING * * *
You feel sick. The scorpion stings you.
* * * LOW HITPOINT WARNING * * *
You are more poisoned.
The scorpion poisons you!
Unknown command.
You hit the scorpion but do no damage.
You bite the scorpion, but do no damage.
The scorpion is moderately wounded.
* * * LOW HITPOINT WARNING * * *
You feel sick. The scorpion stings you.
You die...

#.....##...........#
#.........
#########'###......#
#......... #.###......#
#......... #.....######
#.).......
#####'#########)........
#......#..>............
#......#.####........##
#......#.# #........##
######@#.####..........
#s#.#...###+####..
#####g......# #.......
#....†......+ #####.)#
#...........#.###.#...
#........o..+......<##
#...........#####...##
#.............# #...>.
#.............# #....#


You could see a scorpion, an orc priest and a hobgoblin.

Vanquished Creatures
  An orc priest (D:3)
  3 adders (D:2)
  An ooze (D:2)
  A worm (D:3)
  4 dart slugs
  2 orcs
  A ball python (D:2)
  6 bats
  2 giant cockroaches (D:1)
  6 goblins
  3 hobgoblins
  7 kobolds
  A quokka (D:3)
  2 frilled lizards (D:2)
  4 rats
44 creatures vanquished.

Notes
Turn   | Place    | Note
-------+----------+-------------------------------------------
     0 | D:1      | KarmaPolice the Vine Stalker Assassin began the quest for the Orb.
     0 | D:1      | Reached XP level 1. HP: 11/11 MP: 2/2
   187 | D:1      | Reached XP level 2. HP: 15/15 MP: 3/3
   426 | D:1      | Reached XP level 3. HP: 15/19 MP: 4/4
   671 | D:2      | Found a deep blue altar of Sif Muna.
   673 | D:2      | Found an opulent altar of Gozag.
   680 | D:2      | Found a bloodstained altar of Trog.
   682 | D:2      | Found a burning altar of Makhleb.
   684 | D:2      | Found a white marble altar of Elyvilon.
   998 | D:2      | Gained mutation: Your natural rate of healing is unusually fast. [Vine Stalker growth]
   998 | D:2      | Reached XP level 4. HP: 20/23 MP: 5/5
  1521 | D:3      | Noticed KarmaPolice's ghost (amateur VSAs)
  1850 | D:3      | HP: 1/24 [poisoned by a scorpion]
  1850 | D:3      | Slain by a scorpion

Vault maps used:
D:1:      lemuel_arrival_tunnels
D:2:      minitemple, kennysheep_generic_room_11
D:3:      first_bread, kennysheep_generic_room_9
D:4:      grunt_temple_overflow_diamond, minmay_temple_entry_mist, st_stairs_2,
          okawaru_ov_weapons_minmay

Skill      XL: |  1  2  3  4 |
---------------+-------------+-----
Short Blades   | 2 3 |  3.4
Fighting       | 2 3 |  3.3
Throwing       | |  1.7
Dodging        | |  0.7
Stealth        | |  4.8

Action                   |  1- 3 |  4- 6 || total
-------------------------+-------+-------++-------
Melee: Dagger            |    66 |    72 ||   138
       Bite              |    11 |    26 ||    37
  Use: Potion            |       |     2 ||     2
 Stab: Sleeping          |    10 |     1 ||    11
       Distracted        |     1 |       ||     1
  Eat: Chunk             |       |     3 ||     3
Armor: Robe              |    21 |    11 ||    32
Dodge: Dodged            |    36 |    19 ||    55
